 Dungeon Crawl Stone Soup version 0.30-a0-394-g3e4acdb0ae (webtiles) character file.

Game seed: 15216745023594599983

19 Hubris850 the Chiller (level 2, -6/15 HPs)
             Began as a Deep Elf Ice Elementalist on Dec 6, 2022.
             Mangled by a worm (10 damage)
             ... on level 2 of the Dungeon.
             The game lasted 00:02:07 (1020 turns).

Hubris850 the Chiller (Deep Elf Ice Elementalist)   Turns: 1020, Time: 00:02:09

Health: -6/15      AC:  2    Str:  5    XL:     2   Next: 55%
Magic:  5/8        EV: 13    Int: 19    God:
Gold:   48         SH:  0    Dex: 15    Spells: 6/7 levels left

rFire   . . .      SeeInvis .    m - +0 short sword
rCold   . . .      Faith    .    (no shield)
rNeg    . . .      Spirit   .    a - +0 robe
rPois   .          Reflect  .    (no helmet)
rElec   .          Harm     .    (no cloak)
rCorr   .          Rampage  .    (no gloves)
Will    .....                    (no boots)
Stlth   ++........               (no amulet)
HPRegen 0.22/turn                (no ring)
MPRegen 0.11/turn                (no ring)

@: no status effects
A: no striking features
a: no special abilities


You were on level 2 of the Dungeon.
You visited 1 branch of the dungeon, and saw 2 of its levels.

You collected 48 gold pieces.

Inventory:

Hand Weapons
 e - a +0 club
 m - a +0 short sword (weapon)
Missiles
 j - 3 silver boomerangs
 n - 4 poisoned darts
Armour
 a - a +0 robe (worn)
Scrolls
 c - 4 scrolls of identify {unknown}
 f - a scroll of magic mapping {unknown}
 i - 2 scrolls of enchant armour {unknown}
 l - 2 scrolls of teleportation {unknown}
 o - a scroll of enchant weapon {unknown}
 p - a scroll of vulnerability {unknown}
Potions
 b - a potion of magic
 d - 2 potions of degeneration {unknown}
 g - a potion of mutation {unknown}
 h - a potion of haste {unknown}
 k - a potion of curing {unknown}


   Skills:
 + Level 2.8 Dodging
 + Level 2.9 Stealth
 + Level 3.4 Spellcasting
 + Level 4.5 Ice Magic


You had 6 spell levels left.
You knew the following spells:

 Your Spells              Type           Power      Damage    Failure   Level
a - Freeze                Ice            80%        1d9       2%          1

Your spell library contained the following spells:

 Spells                   Type           Power      Damage    Failure   Level
 Frozen Ramparts          Ice            40%        1d7       7%          3
 Ozocubu's Armour         Ice            20%        N/A       7%          3
 Summon Ice Beast         Ice/Summ       12%        N/A       50%         4


Dungeon Overview and Level Annotations

Branches:
Dungeon (2/15)

Altars:

Shops:
D:1 [


Message History

You hit the ball python.
You kill the ball python!
No target in view!
A worm comes into view.
Found an encrusted brass ring.
The helpless worm fails to defend itself.
You hit the worm.
The worm is moderately wounded.
You hit the worm.
The worm is heavily wounded.
The worm bites you!
Ouch! That really hurt!
You are too injured to fight recklessly!
You are too injured to fight recklessly!
Casting: Freeze (safe; 2% risk of failure)
Confirm with . or Enter, or press ? or * to list all spells.
Aiming: Freeze (safe; 2% risk of failure)
Press: ? - help, Shift-Dir - straight line, f - worm
Aim: a worm (heavily wounded)
You freeze the worm.
The worm is heavily wounded.
Casting: Freeze (safe; 2% risk of failure)
Confirm with . or Enter, or press ? or * to list all spells.
Aiming: Freeze (safe; 2% risk of failure)
Press: ? - help, Shift-Dir - straight line, f/p - worm
Aim: a worm (heavily wounded)
You freeze the worm.
The worm is heavily wounded.
The worm bites you.
* * * LOW HITPOINT WARNING * * *
Casting: Freeze (safe; 2% risk of failure)
Confirm with . or Enter, or press ? or * to list all spells.
Aiming: Freeze (safe; 2% risk of failure)
Press: ? - help, Shift-Dir - straight line, f/p - worm
Aim: a worm (heavily wounded)
You freeze the worm!
The worm is almost dead.
The worm bites you!
Ouch! That really hurt!
You die...

## #= #.
#w## #.@###
##...#
###.## #..#
##.## #.
##..####....
#..†.....#
#.#..###.#
#.##.#


You could see a worm.

Vanquished Creatures
  2 ball pythons
  2 bats (D:1)
  An endoplasm (D:1)
  A goblin (D:1)
  2 hobgoblins (D:1)
  5 jackals (D:1)
  A frilled lizard (D:1)
  2 kobolds (D:1)
  A rat (D:1)
17 creatures vanquished.

Notes
Turn   | Place    | Note
-------+----------+-------------------------------------------
     0 | D:1      | Hubris850 the Deep Elf Ice Elementalist began the quest for
                  | the Orb.
     0 | D:1      | Reached XP level 1. HP: 10/10 MP: 6/6
   290 | D:1      | Reached XP level 2. HP: 15/15 MP: 8/8
   315 | D:1      | Found Vafinad's Armour Emporium.
  1020 | D:2      | Mangled by a worm

Illustrated notes

Levels and vault maps discovered:
D:1:      saegor_arrival_miasma, layout_basic, serial_shops,
          nicolae_shop_advertising_works [nicolae_subvault_shop_adworks]
D:2:      layout_rooms, basic_altar, uniq_robin

Action                   || total
-------------------------++-------
Melee: Short sword       ||    15
 Cast: Freeze            ||    17
 Stab: Sleeping          ||     3
Armor: Robe              ||     2
Dodge: Dodged            ||    14

Table legend: (Time is in decaauts)
 A = Elapsed time spent in this place.
 B = Non-inter-level travel time spent in this place.
 C = Inter-level travel time spent in this place.
 D = Time resting spent in this place.
 E = Time spent auto-exploring this place.
 F = Levels seen in this place.
 G = Mean time per level.
                   A        B        C        D        E       F      G
               +--------+--------+--------+--------+--------+-----+--------+
         Total |   1018 |    976 |     42 |      0 |    798 |   2 |  509.0 |
       Dungeon |   1018 |    976 |     42 |      0 |    798 |   2 |  509.0 |
               +--------+--------+--------+--------+--------+-----+--------+

Top non-repeatable levels by time:
     D:1: 999 daAuts
     D:2: 19 daAuts
